 Dungeon Crawl Stone Soup version 0.31-a0-345-g1ebeae05c6 (webtiles) character file.

Game seed: 10703737556879968953

208 Sabo the Poker (level 5, 0/43 HPs)
             Began as a Merfolk Monk on July 22, 2023.
             Was a Believer of Qazlal.
             Slain by an orc warrior
             ... wielding a +0 hand axe
              (5 damage)
             ... on level 4 of the Dungeon.
             The game lasted 00:18:10 (3580 turns).

Sabo the Poker (Merfolk Monk)                       Turns: 3580, Time: 00:18:10

Health: 0/43       AC: 19    Str: 20    XL:     5   Next: 86%
Magic:  5/5        EV:  3    Int:  9    God:    Qazlal [**....]
Gold:   159        SH:  2    Dex: 16    Spells: 3/4 levels left

rFire   + . .        a - +0 spear
rCold   . . .        d - orb {light}
rNeg    . . .        b - +3 crystal plate armour
rPois   .            p - +2 hat
rElec   .            f - scarf {repulsion}
rCorr   .            (no gloves)
SInv    .            (no boots)
Will    .....        (no amulet) Stlth
                     i - +6 ring of strength
HPRegen 0.27/turn    v - ring of protection from fire
MPRegen 0.09/turn

%: repel missiles
@: glowing
A: (nimble swimmer 2), mertail
a: Renounce Religion, Upheaval


You were on level 4 of the Dungeon.
You worshipped Qazlal.
Qazlal was pleased with you.
You visited 2 branches of the dungeon, and saw 5 of its levels.

You collected 159 gold pieces.

Inventory:

Hand Weapons
 a - a +0 spear (weapon)
 j - a +0 sling
 r - a +1 dagger of freezing
Missiles
 t - 4 javelins (quivered)
Armour
 b - a +3 crystal plate armour (worn)
 d - an orb of light (worn)
 f - a scarf of repulsion (worn)
 p - a +2 hat (worn)
 s - a +0 cloak
Jewellery
 i - a +6 ring of strength (left hand)
 k - a ring of wizardry
 v - a ring of protection from fire (right hand)
Wands
 n - a wand of flame (12)
Scrolls
 e - 2 scrolls of teleportation
 h - a scroll of silence
 m - a scroll of revelation {unknown}
 o - a scroll of poison {unknown}
 q - a scroll of immolation {unknown}
Potions
 g - a potion of cancellation {unknown}
 l - a potion of brilliance {unknown}
 u - a potion of haste {unknown}
 w - a potion of curing {unknown}
 x - a potion of might {unknown}


   Skills:
 + Level 4.4 Fighting
 + Level 6.0 Polearms
 + Level 0.1 Throwing
 + Level 1.4 Armour
 + Level 4.6 Dodging
 + Level 1.0 Stealth
 + Level 0.2 Spellcasting
 + Level 0.2 Conjurations


You had 3 spell levels left.
You knew the following spells:

 Your Spells              Type           Power      Damage    Failure   Level
a - Magic Dart            Conj           0%         1d3       100%        1

Your spell library contained the following spells:

 Spells                   Type           Power      Damage    Failure   Level
 Call Imp                 Summ           0%         N/A       100%        2
 Mephitic Cloud           Conj/Pois/Air  0%         N/A       100%        3


Dungeon Overview and Level Annotations

Branches:
Dungeon (4/15)             Temple (1/1) D:4

Altars:
Ashenzari
Dithmenos
Elyvilon
Fedhas
Gozag
Hepliaklqana
Makhleb
Nemelex Xobeh
Okawaru
Qazlal
Ru
Sif Muna
Trog
Uskayaw
Vehumet
Wu Jian
Xom
Yredelemnul
Zin
The Shining One

Annotations:
Temple 2 transporters


Innate Abilities, Weirdness & Mutations

((You are very nimble when in or above water. (Stealth+, EV+, Speed+++)))
Your lower body shifts to a powerful aquatic tail in water.


Message History

The orc warrior attacks as you move away!
The orc warrior hits you but does no damage.
The orc hits you with a +0 short sword.
* * * LOW HITPOINT WARNING * * *
Things that are here:
a +0 dagger; a +0 leather armour; an orc corpse You puncture the orc!
You kill the orc!
Qazlal accepts your kill.
The orc warrior hits you but does no damage.
The orc hits you but does no damage. The orc hits you but does no damage.
Things that are here:
a +0 short sword; an orc corpse The orc hits you but does no damage.
The orc warrior attacks as you move away!
You block the orc warrior's attack.
You hit the orc warrior.
The orc warrior is heavily wounded.
The orc warrior hits you but does no damage.
The orc hits you but does no damage.
You hit the orc warrior but do no damage.
The orc warrior is heavily wounded.
The orc warrior hits you but does no damage.
The orc hits you but does no damage.
You hit the orc warrior but do no damage.
The orc warrior is heavily wounded.
The orc warrior hits you but does no damage.
You block the orc's attack.
You completely miss the orc warrior.
The orc warrior is heavily wounded.
You barely miss the orc warrior.
The orc warrior is heavily wounded.
The orc warrior hits you with a +0 hand axe!
* * * LOW HITPOINT WARNING * * *
The orc hits you but does no damage.
You hit the orc warrior but do no damage.
The orc warrior is heavily wounded.
The orc warrior hits you with a +0 hand axe.
You die...

### #.######
#@o))).#
#...o.##.#
#<#....#.#
#+####.#.######
.#......######
.######.##....
.. #..#.##.###
.# #....##.#
#.##.##.#


You could see an orc warrior and an orc.

Vanquished Creatures
  A scorpion (D:4)
  An orc priest (D:4)
  A sleepcap (D:3)
  2 adders
  A gnoll (D:1)
  A worm (D:2)
  2 dart slugs
  8 orcs
  A bat (D:3)
  2 endoplasms (D:1)
  4 giant cockroaches
  3 goblins (D:3)
  8 hobgoblins
  4 jackals (D:1)
  4 quokkas
  A ball python (D:3)
  5 frilled lizards
  3 kobolds
  2 rats (D:3)
54 creatures vanquished.

Notes
Turn   | Place    | Note
-------+----------+-------------------------------------------
     0 | D:1      | Sabo the Merfolk Monk began the quest for the Orb.
     0 | D:1      | Reached XP level 1. HP: 18/18 MP: 1/1
   373 | D:1      | Reached XP level 2. HP: 24/24 MP: 2/2
   669 | D:1      | Reached XP level 3. HP: 7/30 MP: 3/3
  1044 | D:2      | Learned a level 1 spell: Magic Dart
  1421 | D:2      | Reached skill level 5 in Polearms
  1837 | D:3      | Reached XP level 4. HP: 37/37 MP: 4/4
  2907 | D:3      | Identified a scroll of acquirement
  2908 | D:3      | Acquired a +2 crystal plate armour
  2959 | D:3      | Reached XP level 5. HP: 42/42 MP: 5/5
  3067 | D:3      | Found a bloodstained altar of Trog.
  3117 | D:4      | Reached skill level 1 in Armour
  3391 | D:4      | Found a staircase to the Ecumenical Temple.
  3407 | Temple   | Found a transporter.
  3407 | Temple   | Found a transporter.
  3407 | Temple   | Found a transporter.
  3407 | Temple   | Found a transporter.
  3407 | Temple   | Entered the Ecumenical Temple
  3426 | Temple   | Became a worshipper of Qazlal Stormbringer
  3426 | Temple   | Reached * piety under Qazlal
  3426 | Temple   | Reached ** piety under Qazlal
  3498 | D:4      | Reached skill level 1 in Stealth
  3526 | D:4      | Noticed an orc warrior
  3570 | D:4      | Reached skill level 6 in Polearms
  3580 | D:4      | Slain by an orc warrior

Illustrated notes

Levels and vault maps discovered:
D:1:      nzn_arrival_water_spiral, layout_basic, hex_large
D:2:      layout_basic
D:3:      layout_loops_corners, overflow_temple_1_default, hellmonk_no_cap
D:4:      layout_basic, minmay_temple_entry_poolview
Temple:   hellmonk_temple_divided_pantheon

Skill      XL: |  1  2  3  4  5 |
---------------+----------------+-----
Fighting       | 4 |  4.4
Polearms       | 5 6 |  6.0
Armour         | 1 |  1.4
Stealth        | 1 |  1.0
Throwing       | |  0.1
Dodging        | |  4.6
Spellcasting   | |  0.2
Conjurations   | |  0.2

Action                     |  1- 3 |  4- 6 || total
---------------------------+-------+-------++-------
  Melee: Spear             |   106 |   145 ||   251
         Tailslap          |     4 |       ||     4
  Throw: Javelin           |       |     2 ||     2
   Cast: Magic Dart        |    12 |       ||    12
    Use: Scroll            |     2 |     4 ||     6
         Potion            |       |     1 ||     1
 Armour: Robe              |     8 |       ||     8
         Plate armour      |       |    40 ||    40
         Crystal plate arm |       |    66 ||    66
         Chain mail        |       |     8 ||     8
  Dodge: Dodged            |    60 |    34 ||    94
  Block: Orb               |       |     7 ||     7

Table legend: (Time is in decaauts)
 A = Elapsed time spent in this place.
 B = Non-inter-level travel time spent in this place.
 C = Inter-level travel time spent in this place.
 D = Time resting spent in this place.
 E = Time spent auto-exploring this place.
 F = Levels seen in this place.
 G = Mean time per level.
                   A        B        C        D        E       F      G
               +--------+--------+--------+--------+--------+-----+--------+
         Total |   3514 |   3514 |      0 |    722 |      0 |   5 |  702.8 |
       Dungeon |   3473 |   3473 |      0 |    722 |      0 |   4 |  868.2 |
        Temple |     40 |     40 |      0 |      0 |      0 |   1 |   40.0 |
               +--------+--------+--------+--------+--------+-----+--------+

Top non-repeatable levels by time:
     D:3: 1397 daAuts
     D:1: 976 daAuts
     D:2: 669 daAuts
     D:4: 429 daAuts
  Temple: 40 daAuts
